 Dungeon Crawl Stone Soup version 0.19-a0-1895-g783e625 (webtiles) character file.

219 dobroeutro the Bolt Thrower (level 6, -1/37 HPs)
             Began as a Kobold Hunter on Oct 19, 2016.
             Slain by TenguReborn's ghost (4 damage)
             ... on level 4 of the Dungeon.
             The game lasted 00:06:45 (3318 turns).

dobroeutro the Bolt Thrower (Kobold Hunter)         Turns: 3318, Time: 00:06:46

Health: -1/37      AC:  7    Str: 12    XL:     6   Next: 18%
Magic:  6/6        EV: 14    Int: 12    God:
Gold:   179        SH:  0    Dex: 15    Spells: 0 memorised, 5 levels left

rFire  . . .     SeeInvis .     a - +1 hand crossbow
rCold  . . .     Gourm    .     c - +0 leather armour
rNeg   . . .     Faith    .     (shield restricted)
rPois  .         Spirit   .     (no helmet)
rElec  .         Reflect  .     u - +0 cloak
rCorr  .         Harm     .     (no gloves)
MR     .....                    j - +2 pair of boots
Stlth  ++........               (no amulet)
                                (no ring)
                                (no ring)

@: no status effects
A: carnivore 3
a: no special abilities


You were on level 4 of the Dungeon.
You were not hungry.

You visited 1 branch of the dungeon, and saw 4 of its levels.

You collected 179 gold pieces.

Inventory:

Hand Weapons
 a - a +1 hand crossbow (weapon)
 b - a +0 short sword
Missiles
 d - 50 bolts (quivered)
Armour
 c - a +0 leather armour (worn)
 g - a +0 pair of boots
 j - a +2 pair of boots (worn)
 u - a +0 cloak (worn)
Wands
 n - a wand of polymorph (10/24)
Scrolls
 k - 2 scrolls of identify {unknown}
 m - a scroll of enchant weapon {unknown}
 p - a scroll of random uselessness {unknown}
 q - 2 scrolls of amnesia {unknown}
 t - 2 scrolls of remove curse {unknown}
 v - a scroll of enchant armour {unknown}
Potions
 e - a potion of cancellation {unknown}
 h - a potion of ambrosia {unknown}
 i - a potion of haste
 l - a potion of degeneration {unknown}
 o - a potion of mutation {unknown}
 s - 3 potions of lignification {unknown}
Comestibles
 f - 3 meat rations
 r - 2 beef jerkies


   Skills:
 + Level 3.5 Fighting
 + Level 3.5 Short Blades
 + Level 6.1 Crossbows
 - Level 2.4 Dodging
 + Level 3.8 Stealth


You had 5 spell levels left.
You didn't know any spells.

Dungeon Overview and Level Annotations

Branches:
Dungeon (4/15)
 Temple: D:4-7

Altars:
Dithmenos
Fedhas
Nemelex Xobeh
Trog

Annotations:
D:4 TenguReborn's ghost, amateur TeSu


Innate Abilities, Weirdness & Mutations

You are small and have problems with some larger weapons.
You are carnivorous and can eat meat at any time.


Message History

You shoot a bolt.
The bolt hits TenguReborn's ghost but does no damage.
TenguReborn's ghost is heavily damaged.
TenguReborn's ghost says, "There is no future for me!"
TenguReborn's ghost hits you!
Firing (i - inventory):
d - 52 bolts (quivered)
Press: ? - help, Shift-Dir - straight line, f/p - TenguReborn's ghost
Aim: TenguReborn's ghost, wielding a vorpal weapon (heavily damaged)
You shoot a bolt.
The bolt hits TenguReborn's ghost but does no damage.
TenguReborn's ghost is heavily damaged.
The quokka closely misses you. TenguReborn's ghost hits you.
Firing (i - inventory):
d - 51 bolts (quivered)
Press: ? - help, Shift-Dir - straight line, f/p - TenguReborn's ghost
Aim: TenguReborn's ghost, wielding a vorpal weapon (heavily damaged)
You shoot a bolt.
The bolt barely misses TenguReborn's ghost.
The quokka barely misses you. TenguReborn's ghost hits you!
* * * LOW HITPOINT WARNING * * *
You die...

#.##..#.####.#..#..#.....#.......
#.##..#.# # #..#..............##
#.##..#.# #..#.....##.#.......
#.##..#.####.#..#.###.# .#.....##
.............#..#.# #.# #.......
#.##.##.######..#.###.## #.......
#.##.##.######..#............).##
........).).[.........##.......##
..............rr@..............##
.....#########.W#r###.##.......##
...... ........(#.###.##.......#.
...... ########.#................
... ................ ........ ...
...#####.......## ........
....rW.........# ........
.((r(...(......# ........
...............# ..#.....


You could see TenguReborn's ghost, 2 quokkas and a rat.

Vanquished Creatures
  An orc wizard (D:4)
  A worker ant (D:4)
  4 gnolls (D:3)
  4 adders
  An ooze (D:2)
  2 adder skeletons (D:4)
  A worm (D:4)
  A dart slug (D:1)
  4 leopard geckos
  5 orcs
  13 bats
  A giant cockroach (D:2)
  6 goblins
  3 hobgoblins
  6 jackals
  3 kobolds
  4 quokkas
  6 frilled lizards
  6 rats
72 creatures vanquished.

Notes
Turn   | Place    | Note
-------+----------+-------------------------------------------
     0 | D:1      | dobroeutro the Kobold Hunter began the quest for the Orb.
     0 | D:1      | Reached XP level 1. HP: 12/12 MP: 1/1
     0 | D:1      | Noticed an elf
     0 | D:1      | Noticed a ghoul
     0 | D:1      | Noticed a vine stalker
     2 | D:1      | Noticed a vampire
     6 | D:1      | Noticed a draconian
    10 | D:1      | Noticed an ogre
    14 | D:1      | Noticed a ghoul
    16 | D:1      | Noticed a gargoyle
    16 | D:1      | Noticed a ghoul
    16 | D:1      | Noticed a gargoyle
    18 | D:1      | Noticed a dwarf
    18 | D:1      | Noticed a draconian
    60 | D:1      | Reached skill level 5 in Crossbows
   127 | D:1      | Reached skill level 1 in Short Blades
   127 | D:1      | Reached XP level 2. HP: 10/17 MP: 2/2
   564 | D:1      | Reached XP level 3. HP: 22/22 MP: 3/3
   997 | D:2      | Found a shadowy altar of Dithmenos.
  1201 | D:2      | Found a bloodstained altar of Trog.
  1342 | D:2      | HP: 1/22 [bat (1)]
  1840 | D:2      | Found a blossoming altar of Fedhas.
  1921 | D:2      | Reached XP level 4. HP: 25/27 MP: 4/4
  2410 | D:3      | Reached XP level 5. HP: 30/32 MP: 5/5
  2440 | D:3      | Reached skill level 6 in Crossbows
  3079 | D:4      | Noticed a fire elemental
  3102 | D:4      | Found a sparkling altar of Nemelex Xobeh.
  3266 | D:4      | Reached XP level 6. HP: 29/37 MP: 6/6
  3300 | D:4      | Noticed TenguReborn's ghost (amateur TeSu)
  3318 | D:4      | Slain by TenguReborn's ghost

Vault maps used:
D:1:      shiori_arrival_whats_in_store_for_you, corexii_hall_statues_deadend
D:2:      grunt_dithmenos_smoke_and_mirrors, lightli_temple_of_fire,
          fedhas_altar_fruit_tree, first_bread, minmay_pentomino_s4
D:4:      nicolae_qazlal_style_of_elements, nemelex_xobeh_ov_fountains_minmay

Skill      XL: |  1  2  3  4  5 |
---------------+----------------+-----
Crossbows      | 5 6 |  6.1
Short Blades   | 1 2 3 |  3.5
Stealth        | 2 3 |  3.8
Fighting       | 3 |  3.5
Dodging        | |  2.4

Action                   |  1- 3 |  4- 6 || total
-------------------------+-------+-------++-------
Melee: Short sword       |   156 |   102 ||   258
 Fire: Hand crossbow     |     4 |    53 ||    57
  Use: Potion            |     1 |       ||     1
 Stab: Sleeping          |     3 |     3 ||     6
  Eat: Chunk             |     3 |     8 ||    11
Armor: Leather armour    |    76 |    23 ||    99
Dodge: Dodged            |   189 |    95 ||   284
